 Dungeon Crawl Stone Soup version 0.21.1-1-g345015fe64 (webtiles) character file.

128 Revguard the Shield-Bearer (level 5, -3/42 HPs)
             Began as a Formicid Fighter on June 28, 2018.
             Was a Follower of Wu Jian.
             Slain by Sigmund
             ... wielding a +0 scythe
              (12 damage)
             ... on level 3 of the Dungeon.
             The game lasted 00:09:44 (1579 turns).

Revguard the Shield-Bearer (Formicid Fighter)       Turns: 1579, Time: 00:09:44

Health: -3/42      AC:  9    Str: 22    XL:     5   Next: 34%
Magic:  5/5        EV:  6    Int:  7    God:    Wu Jian [*.....]
Gold:   145        SH: 10    Dex: 10    Spells: 4/4 levels left

rFire    . . .     SeeInvis +   a - +0 war axe
rCold    . . .     Gourm    .   c - +0 shield
rNeg     . . .     Faith    .   k - +0 chain mail
rPois    .         Spirit   .   (helmet unavailable)
rElec    .         Reflect  .   (no cloak)
rCorr    .         Harm     .   (no gloves)
MR       .....                  (no boots)
Stlth    ..........             (no amulet)
HPRegen  0.14/turn              (no ring)
MPRegen  0.09/turn              (no ring)

@: no status effects
A: permanent stasis, dig shafts and tunnels, four strong arms, antennae 3
a: Dig, Shaft Self, Renounce Religion


You were on level 3 of the Dungeon.
You worshipped Wu Jian.
Wu Jian was aware of your devotion.
You were hungry.

You visited 1 branch of the dungeon, and saw 3 of its levels.

You collected 145 gold pieces.

Inventory:

Hand Weapons
 a - a +0 war axe (weapon)
Armour
 b - a +0 scale mail
 c - a +0 shield (worn)
 k - a +0 chain mail (worn)
Scrolls
 h - 2 scrolls of random uselessness {unknown}
 l - a scroll of blinking {unknown}
 m - a scroll of fog {unknown}
 n - a scroll of amnesia {unknown}
 o - a scroll of teleportation {unknown}
 p - a scroll of magic mapping {unknown}
 q - a scroll of enchant armour {unknown}
Potions
 d - a potion of might
 e - a potion of degeneration {unknown}
 g - 3 potions of heal wounds {unknown}
 i - a potion of brilliance {unknown}
 j - a potion of magic {unknown}
 r - a potion of lignification {unknown}
 s - a potion of cancellation {unknown}
Comestibles
 f - 4 rations


   Skills:
 + Level 4.2 Fighting
 + Level 3.2 Axes
 + Level 3.5 Armour
 + Level 1.0 Dodging
 - Level 0.1 Stealth
 + Level 4.7 Shields


You had 4 spell levels left.
You didn't know any spells.

Dungeon Overview and Level Annotations

Branches:
Dungeon (3/15)

Altars:
Dithmenos
Hepliaklqana
Wu Jian

Annotations:
D:3 Sigmund


Innate Abilities, Weirdness & Mutations

You cannot be hasted, slowed, berserked, paralysed or teleported.
You can dig through walls and to a lower floor.
Your four strong arms can wield two-handed weapons with a shield.
You have a pair of large antennae on your head. (SInv)


Message History

* * * LOW HITPOINT WARNING * * *
You spin and attack Sigmund.
Your chain mail prevents you from hitting Sigmund.
Sigmund is moderately wounded.
You spin to attack Sigmund, but your attack speed is too slow for a blow to land.
Sigmund barely misses you.
You spin and attack Sigmund.
You hit Sigmund.
Sigmund is heavily wounded.
Sigmund points at you and mumbles some strange words.
You resist with some effort.
You spin and attack Sigmund.
You closely miss Sigmund.
Sigmund is heavily wounded.
You block Sigmund's attack.
You spin and attack Sigmund.
You slash Sigmund!
Sigmund is severely wounded.
You spin to attack Sigmund, but your attack speed is too slow for a blow to land.
Sigmund closely misses you.
You spin to attack Sigmund, but your attack speed is too slow for a blow to land.
Sigmund hits you with a scythe!
You die...

.. ## #..##. ...#
....... <..#
....#.. ...# ?...#
...# # #.
#..###...## .# .
#...#.....# .# #.
#....## .#
#.####.@...### .###
#...#..@##...#....#
#...$#####....#
#.(.## ##....## #
#(..####h.##..... .
#..##....## #####
###. ##..##.####
#...# #....K..#
#..###
#.#.##.......


You could see Sigmund (pinned).

Vanquished Creatures
  A hound (D:3)
  5 adders (D:2)
  A dart slug (D:2)
  2 leopard geckos
  2 ball pythons (D:1)
  11 bats
  2 giant cockroaches
  6 goblins
  3 hobgoblins
  2 jackals (D:1)
  3 frilled lizards
  9 kobolds
  6 rats
53 creatures vanquished.

Notes
Turn   | Place    | Note
-------+----------+-------------------------------------------
     0 | D:1      | Revguard the Formicid Fighter began the quest for the Orb.
     0 | D:1      | Reached XP level 1. HP: 18/18 MP: 1/1
    70 | D:1      | Reached XP level 2. HP: 23/24 MP: 2/2
   327 | D:1      | Reached XP level 3. HP: 29/29 MP: 3/3
   835 | D:2      | Reached XP level 4. HP: 17/37 MP: 4/4
  1080 | D:2      | Found a shadowy altar of Dithmenos.
  1140 | D:2      | Found a faded altar of an unknown god.
  1142 | D:2      | Became a worshipper of the Wu Jian Council
  1142 | D:2      | Reached * piety under Wu Jian
  1337 | D:2      | Found a hazy altar of Hepliaklqana.
  1444 | D:2      | Reached XP level 5. HP: 42/42 MP: 5/5
  1516 | D:3      | Noticed Sigmund
  1566 | D:3      | Reached skill level 1 in Dodging
  1579 | D:3      | Slain by Sigmund

Skill      XL: |  1  2  3  4  5 |
---------------+----------------+-----
Shields        | 4 |  4.7
Fighting       | 4 |  4.2
Axes           | 3 |  3.2
Dodging        | 1 |  1.0
Armour         | |  3.5
Stealth        | |  0.1

Action                   |  1- 3 |  4- 6 || total
-------------------------+-------+-------++-------
Melee: War axe           |   128 |    61 ||   189
       Unarmed           |       |     8 ||     8
Invok: Whirlwind         |       |    31 ||    31
       Lunge             |       |     3 ||     3
  Eat: Chunk             |       |     2 ||     2
Armor: Scale mail        |    13 |       ||    13
       Chain mail        |    90 |    43 ||   133
Dodge: Dodged            |    62 |    26 ||    88
Block: Shield            |    82 |    36 ||   118
